AoeStats
← elgordobondiola69

Arabia

505802008Analyzed
1v1 RM · 20d ago on Sep 11, 2026· 35m 52s· 2 players
Game mode
Random Map
Map size
Tiny (2 player)
Population
200
Speed
Normal
Resources
Standard
Victory
Conquest
Starting age
Dark Age
Ending age
Imperial Age
RankedLock teamsTeams togetherTeam positionsShared explorationLock speedFull tech treeHidden civsTurbo modeCheats
Victory
Defeat
🇦🇷 Mongols · Argentina
1123
+15
🇦🇷 Magyars · Argentina
1108
-42
elgordobondiola69
8:12 Loom
10:34 Feudal Age
11:14 Double-Bit Axe
14:48 Horse Collar
22:00 Castle Age
20:57 Scale Mail Armor
21:01 Gold Mining
22:49 Wheelbarrow
22:40 Scale Barding Armor
23:12 Bow Saw
24:54 Gold Shaft Mining
23:57 Pikeman
25:16 Chain Mail Armor
26:25 Town Watch
27:31 Hand Cart
31:07 Fervor
31:16 Fletching
33:26 Bloodlines
33:51 Sanctity
38:15 Imperial Age
La Fumoneta
5:52 Loom
8:29 Feudal Age
10:04 Double-Bit Axe
21:08 Castle Age
19:53 Forging
19:37 Horse Collar
21:31 Bloodlines
22:31 Husbandry
22:02 Light Cavalry
23:58 Bow Saw
25:43 Gold Mining
27:31 Wheelbarrow
29:15 Hand Cart
29:06 Heavy Plow
29:57 Iron Casting
35:37 Imperial Age
Connection lost

Rejoining the realm…

Still unreachable

The connection could not be restored.

Session expired

The server has moved on; the page needs a fresh start.